 Dungeon Crawl Stone Soup version 0.31-a0-1009-g454b1f1e0a (webtiles) character file.

Game seed: 277456626885990466

70 Avanven the Slasher (level 4, -1/28 (33) HPs)
             Began as a Human Reaver on Nov 14, 2023.
             Slain by an orc wizard
             ... wielding a +0 dagger of venom
              (3 damage)
             ... on level 3 of the Dungeon.
             The game lasted 00:03:46 (1890 turns).

Avanven the Slasher (Human Reaver)                  Turns: 1890, Time: 00:03:47

HP:   -1/28 (33)    AC:  4    Str: 15    XL:     4   Next: 45%
MP:   7/7           EV: 12    Int: 13    God:
Gold: 115           SH:  0    Dex: 17    Spells: 4/7 levels left

rFire   . . .        a - +0 falchion
rCold   . . .        (no shield)
rNeg    . . .        b - +1 leather armour
rPois   .            (no helmet)
rElec   .            (no cloak)
rCorr   .            (no gloves)
SInv    .            (no boots)
Will    .....        (no amulet)
Stlth   +            d - +6 ring of dexterity
HPRegen 0.24/turn    (no ring)
MPRegen 0.10/turn

%: no passive effects
@: lethally poisoned (-1 -> -15), heavily drained
A: no striking features
a: no special abilities


You were on level 3 of the Dungeon.
You visited 1 branch of the dungeon, and saw 3 of its levels.

You collected 115 gold pieces.

Inventory:

Hand Weapons
 a - a +0 falchion (weapon)
Armour
 b - a +1 leather armour (worn)
Jewellery
 d - a +6 ring of dexterity (left hand)
 h - a ring of flight
 m - a ring of fire
Potions
 c - a potion of might
 e - a potion of cancellation {unknown}
 f - 2 potions of curing
 g - a potion of heal wounds {unknown}
 i - a potion of enlightenment {unknown}
 l - a potion of brilliance {unknown}


   Skills:
 - Level 2.0 Fighting
 * Level 4.4 Long Blades
 - Level 2.0 Dodging
 - Level 2.0 Spellcasting
 + Level 3.7 Conjurations


You had 4 spell levels left.
You knew the following spells:

 Your Spells              Type           Power      Damage    Failure   Level
a - Kiss of Death         Conj/Necr      24%        2d7       14%         1
b - Momentum Strike       Conj/Tloc      12%        3d8       22%         2

Your spell library contained the following spells:

 Spells                   Type           Power      Damage    Failure   Level
 Hailstorm                Conj/Ice       6%         3d4       41%         3
 Summon Ice Beast         Ice/Summ       1%         N/A       97%         4
 Summon Mana Viper        Hex/Summ       1%         N/A       100%        5
 Monstrous Menagerie      Summ           0%         N/A       100%        7


Dungeon Overview and Level Annotations

Branches:
Dungeon (3/15)

Altars:

Shops:
D:1 *


Message History

No target in view!
You hear the slow rusting of a very distant drain.
You open the door.
An orc wizard and 3 orcs come into view.
The orc wizard is wielding a +0 dagger of venom.
The orc shouts! x3
A rat comes into view.
There are monsters nearby!
You hit the orc.
The orc is lightly wounded.
The orc hits you with a +0 hand axe.
You closely miss the orc.
The orc is lightly wounded.
The orc wizard gestures wildly while chanting.
The orc wizard flickers and vanishes!
Deactivating autopickup; reactivate with Ctrl-A.
You closely miss the orc. You slash the orc!
You kill the orc!
You completely miss the orc. The orc hits you with a +0 whip.
You barely miss the orc. You miss something. You completely miss something.
Something barely misses you.
You miss something. Something hits you.
You are poisoned.
Something hits you.
You are more poisoned.
You hit something.
You feel very sick. Something hits you.
You closely miss something.
You feel very sick. Something hits you.
* * * LOW HITPOINT WARNING * * *
You are lethally poisoned!
You closely miss something.
* * * LOW HITPOINT WARNING * * *
You feel very sick. Something hits you.
You die... ##.## #.........####...##### +.........+........... .........####...####. ....... ##.## #. ..... #...####. oor

#.#.).##. #{# #...#.##. #@#
##....... #.# ####.###
##.####### #.# ##........#
#.#
.##########.#...###.######.#
......)....###.#.....††....#
###########.#....##.########
##..#####.# ##.# #.#


You could see 2 orcs and a rat.

Vanquished Creatures
  2 worms (D:2)
  2 orcs (D:3)
  5 ball pythons
  8 endoplasms
  A giant cockroach (D:1)
  5 goblins
  5 hobgoblins
  7 jackals
  3 quokkas
  6 bats
  3 frilled lizards
  5 kobolds
  4 rats
56 creatures vanquished.

Notes
Turn   | Place    | Note
-------+----------+-------------------------------------------
     0 | D:1      | Avanven the Human Reaver began the quest for the Orb.
     0 | D:1      | Reached XP level 1. HP: 16/16 MP: 3/3
    48 | D:1      | Reached XP level 2. HP: 16/21 MP: 5/5
   432 | D:1      | Learned a level 2 spell: Momentum Strike
   488 | D:1      | Found Apadet's Assorted Antiques.
   705 | D:1      | Reached XP level 3. HP: 21/27 MP: 6/6
  1124 | D:2      | Reached skill level 4 in Long Blades
  1303 | D:2      | Reached XP level 4. HP: 21/28 MP: 7/7
  1641 | D:2      | Found a faded altar of an unknown god.
  1890 | D:3      | Slain by an orc wizard

Illustrated notes

Levels and vault maps discovered:
D:1:      wander_arrival_peaceful_grave, layout_basic, serial_shops,
          nicolae_shop_statue_plus, dk_noncrumbling_4, roderic_lattice_a,
          minmay_tromino_mix6
D:2:      layout_basic, shapermc_ecumenical_altar_pompeii
D:3:      layout_loops_corners, mainiacjoe_overflow_tiny_flanked,
          mainiacjoe_sewer_entry_somewhere_in_here_2

Skill      XL: |  1  2  3 |
---------------+----------+-----
Long Blades    | 4 |  4.4
Fighting       | |  2.0
Dodging        | |  2.0
Spellcasting   | |  2.0
Conjurations   | |  3.7

Action                     |  1- 3 |  4- 6 || total
---------------------------+-------+-------++-------
  Melee: Falchion          |   115 |    64 ||   179
         Punch             |     2 |       ||     2
   Cast: Kiss of Death     |     2 |       ||     2
    Use: Scroll            |     2 |     4 ||     6
   Stab: Sleeping          |     1 |     1 ||     2
 Armour: Leather armour    |    70 |    34 ||   104
  Dodge: Dodged            |    74 |    29 ||   103

Table legend: (Time is in decaauts)
 A = Elapsed time spent in this place.
 B = Non-inter-level travel time spent in this place.
 C = Inter-level travel time spent in this place.
 D = Time resting spent in this place.
 E = Time spent auto-exploring this place.
 F = Levels seen in this place.
 G = Mean time per level.
                   A        B        C        D        E       F      G
               +--------+--------+--------+--------+--------+-----+--------+
         Total |   1907 |   1865 |     42 |      0 |   1489 |   3 |  635.7 |
       Dungeon |   1907 |   1865 |     42 |      0 |   1489 |   3 |  635.7 |
               +--------+--------+--------+--------+--------+-----+--------+

Top non-repeatable levels by time:
     D:1: 985 daAuts
     D:2: 746 daAuts
     D:3: 175 daAuts
